 Dungeon Crawl Stone Soup version 0.31.0-32-g396128a36d (webtiles) character file.

Game seed: 17688461351193417996

30105 Doomgape the Covert (level 13, -14/72 HPs)
             Began as a Gargoyle Fighter on Apr 5, 2024.
             Was a High Priest of Dithmenos.
             Shot with an arrow by a centaur warrior (17 damage)
             ... on level 14 of the Dungeon.
             The game lasted 00:54:16 (15237 turns).

Doomgape the Covert (Gargoyle Fighter)             Turns: 15237, Time: 00:54:16

Health: -14/72     AC: 16    Str: 24    XL:     13   Next: 49%
Magic:  13/13      EV: 15    Int:  8    God:    Dithmenos [*****.]
Gold:   929        SH: 11    Dex: 11    Spells: 12/12 levels left

rFire   . . .        t - +10 dagger of Ointment {freeze, rCorr}
rCold   . . .        J - +2 buckler
rNeg    + . .        I - +0 steam dragon scales
rPois   ∞            G - +1 hat
rElec   +            (no cloak)
rCorr   +            (no gloves)
SInv    .            (no boots)
Will    .....        B - amulet of reflection
Stlth   +++++++++    (no ring)
HPRegen 0.32/turn    (no ring)
MPRegen 0.13/turn

%: reflection
@: wreathed by umbra
A: sickness immunity, AC +9, negative energy resistance 1, electricity
resistance, torment resistance 1, petrification resistance
a: Renounce Religion, Shadow Step, Shadow Form


You were on level 14 of the Dungeon.
You worshipped Dithmenos.
Dithmenos was extremely pleased with you.
You visited 2 branches of the dungeon, and saw 16 of its levels.
You also visited: Sewer.

You collected 929 gold pieces.

Inventory:

Hand Weapons
 e - the +8 double sword of a ziggurat {protect, MP+9 Stlth+}
   (You acquired it on level 2 of the Dungeon)

   MP+9:      It affects your magic capacity (+9).
   Stlth+:    It makes you more stealthy.
 t - the +10 dagger of Ointment (weapon) {freeze, rCorr}
   (You took it off an orc on level 4 of the Dungeon)

   rCorr:     It protects you from acid and corrosion.
Missiles
 u - 4 javelins
 K - a throwing net (quivered)
Armour
 G - a +1 hat (worn)
 I - +0 steam dragon scales (worn)
 J - a +2 buckler (worn)
Jewellery
 n - a ring of ice
 o - a +6 ring of dexterity
 q - an amulet of the acrobat
 B - an amulet of reflection (around neck)
Wands
 l - a wand of digging (11)
 v - a wand of quicksilver (1)
 z - a wand of polymorph (19)
 C - a wand of flame (9)
 E - a wand of mindburst (7)
Scrolls
 a - 2 scrolls of fog
 d - 2 scrolls of enchant weapon
 f - 3 scrolls of enchant armour
 h - 5 scrolls of amnesia
 i - 2 scrolls of torment
 j - 5 scrolls of identify
 k - 2 scrolls of vulnerability
 s - 4 scrolls of teleportation
 y - a scroll of revelation
 A - a scroll of poison
Potions
 b - 3 potions of attraction
 c - 4 potions of brilliance
 g - 2 potions of curing
 m - 2 potions of mutation
 p - a potion of resistance
 r - 3 potions of enlightenment
 w - a potion of haste
 x - 3 potions of lignification
 F - 2 potions of invisibility
 H - 3 potions of might
Miscellaneous
 D - a lightning rod (4/4)


   Skills:
 - Level 5.0 Fighting
 + Level 11.8(11.9) Short Blades
 - Level 2.3(7.9) Long Blades
 - Level 2.6 Maces & Flails
 - Level 4.9 Armour
 + Level 10.6 Dodging
 + Level 14.8 Stealth
 - Level 3.7 Shields


You had 12 spell levels left.
You didn't know any spells.
Your spell library contained the following spells:

 Spells                   Type           Power      Damage    Failure   Level
 Apportation              Tloc           0%         N/A       45%         1
 Necrotise                Necr           0%         1d4       45%         1
 Slow                     Hex            0%         N/A       45%         1
 Sting                    Conj/Alch      0%         1d3       45%         1
 Summon Small Mammal      Summ           0%         N/A       45%         1
 Jinxbite                 Hex            0%         N/A       61%         2
 Confusing Touch          Hex            0%         N/A       83%         3
 Inner Flame              Hex/Fire       0%         N/A       83%         3
 Sigil of Binding         Hex            0%         N/A       83%         3
 Vampiric Draining        Necr           0%         2d6       83%         3
 Flame Wave               Conj/Fire      0%         2d4       99%         4
 Sticky Flame             Fire/Alch      0%         2d4       99%         4
 Alistair's Intoxication  Alch           0%         N/A       100%        5
 Summon Forest            Summ/Tloc      0%         N/A       100%        5
 Eringya's Noxious Bog    Alch           0%         4d6       100%        6
 Summon Hydra             Summ           0%         N/A       100%        7


Dungeon Overview and Level Annotations

Branches:
Dungeon (15/15)            Temple (1/1) D:5            Lair (0/5) D:11
    Orc (0/2) D:10         Vaults (0/5) D:14          Sewer (visited)
 Depths: D:15

Altars:
Ashenzari
Cheibriados
Dithmenos
Elyvilon
Fedhas
Gozag
Hepliaklqana
Kikubaaqudgha
Makhleb
Nemelex Xobeh
Okawaru
Qazlal
Ru
Sif Muna
Trog
Uskayaw
Vehumet
Wu Jian
Xom
Yredelemnul
Zin
The Shining One

Annotations:
D:13 3 runed translucent doors, arvianne's ghost, journeyman KoBr


Innate Abilities, Weirdness & Mutations

You are immune to sickness and miasma.
Your stone body is resilient. (AC +9)
You are immune to poison.
You resist negative energy. (rN+)
You are resistant to electric shocks. (rElec)
You are resistant to unholy torment.
You are immune to petrification.


Message History

You hit the vault guard but do no damage.
The vault guard is moderately wounded.
You barely miss the vault guard.
The vault guard is moderately wounded.
The vault guard hits you with a +0 battleaxe!
You hit the vault guard. You freeze the vault guard.
The vault guard is heavily wounded.
You closely miss the vault guard.
The vault guard is heavily wounded.
Your shadow hits the vault guard with a dagger.
The vault guard hits you but does no damage.
You puncture the vault guard! You freeze the vault guard.
The vault guard is severely wounded.
The centaur warrior shouts! x2
You hit the vault guard. You freeze the vault guard.
The vault guard is severely wounded.
The vault guard barely misses you.
You hit the vault guard but do no damage.
The vault guard is severely wounded.
You hit the vault guard but do no damage.
The vault guard is severely wounded.
The vault guard hits you with a +0 battleaxe!
You closely miss the vault guard.
The vault guard is severely wounded.
The centaur warrior shoots an arrow.
The arrow hits you!!
* * * LOW HITPOINT WARNING * * *
You hit the vault guard. You freeze the vault guard.
The vault guard is severely wounded.
The vault guard barely misses you.
The centaur warrior shoots an arrow.
The arrow hits you!
* * * LOW HITPOINT WARNING * * *
You hit the vault guard. You freeze the vault guard.
The vault guard is almost dead.
The centaur warrior shoots an arrow.
You block the arrow with an invisible shield... and reflect it back!
The arrow hits the centaur warrior!
Unknown command.
As you read the scroll of fog, it dissolves into smoke.
The centaur warrior shoots an arrow.
The arrow hits you!
You die...

..c# . ...+ #. #..## . =..#
#####.##...# ##. # p#.#
..##...#....## #... #### ..#
.......c..$..##...#####... ###
.#...............^........ ~##
##.#.........§.....##.....#.
p.####.........p§§...............
..~##....#....§§@§...........####
.ccc~~.........§§§...........# #
..~~~~%...........#..........## #
.....~##........#.#...........# #
##..~.m~........#.#......<....# #
#..)..J........##c............###
..###.>........###...............
### ##.........#>)...........#.##
#...........................


You could see a vault guard and 2 centaur warriors.

Vanquished Creatures
  Gastronok (D:10)
  3 hydras
  5 centaur warriors
  Erica (D:10)
  3 two-headed ogres
  A tengu warrior (D:14)
  A boulder beetle (D:14)
  An arcanist (D:13)
  A glowing orange brain (shapeshifter) (D:13)
  An obsidian statue (D:12)
  An oklob plant (D:11)
  An ugly thing (D:13)
  Maurice (D:9)
  3 cyclopes
  3 manticores
  4 gargoyles
  A cane toad (shapeshifter) (D:15)
  An unseen horror (D:13)
  A yaktaur (D:14)
  2 tengu conjurers (D:10)
  2 ice devils (D:11)
  4 trolls
  10 slime creatures
  A culicivora (shapeshifter) (D:14)
  2 wraiths
  A wyvern (D:10)
  20 yaks
  A steam dragon (D:10)
  6 vampire mosquitoes
  2 acid dragons
  7 orc warriors
  3 ice beasts
  A black bear (D:5)
  3 sky beasts
  5 centaurs
  An ogre (D:5)
  A boggart (D:14)
  Blork the orc (D:6)
  A phantom (D:6)
  2 kobold brigands
  A scorpion (shapeshifter) (D:15)
  A bullfrog (D:8)
  A scorpion (D:6)
  7 wights
  2 jellies
  38 killer bees
  4 howler monkeys
  2 bombardier beetles
  3 hounds (D:6)
  10 orc priests
  4 iguanas
  Natasha (D:4)
  10 orc wizards
  4 river rats (Sewer)
  7 adders
  A shadow imp (D:8)
  A white imp (D:8)
  2 dart slugs
  7 ribbon worms
  66 orcs
  6 bats
  4 endoplasms
  2 giant cockroaches
  7 goblins
  5 hobgoblins
  8 jackals
  3 quokkas
  3 ball pythons
  4 frilled lizards
  12 kobolds
  7 rats
  A spectral kobold (D:13)
344 creatures vanquished.

Notes
Turn   | Place    | Note
-------+----------+-------------------------------------------
     0 | D:1      | Doomgape the Gargoyle Fighter began the quest for the Orb.
     0 | D:1      | Reached XP level 1. HP: 14/14 MP: 1/1
     3 | D:1      | Found a burning altar of Makhleb.
   182 | D:1      | Reached XP level 2. HP: 19/19 MP: 2/2
   562 | D:1      | Reached XP level 3. HP: 16/23 MP: 3/3
  1053 | D:2      | Identified a scroll of acquirement
  1054 | D:2      | Acquired the +8 double sword of a ziggurat {protect, MP+9
                  | Stlth+}
  1377 | D:2      | Reached XP level 4. HP: 27/29 MP: 4/4
  1452 | D:2      | Identified the +3 flail of Tortfeasance {freeze, rElec
                  | Str+2 Int+4 Dex+2}
  1550 | D:3      | Reached skill level 1 in Long Blades
  1551 | D:3      | Reached XP level 5. HP: 26/34 MP: 5/5
  1761 | D:3      | Found a faded altar of an unknown god.
  2154 | D:4      | Found a glowing drain.
  2158 | Sewer    | Entered a sewer
  2215 | Sewer    | Noticed a kobold brigand
  2231 | Sewer    | Killed a kobold brigand
  2232 | Sewer    | Reached XP level 6. HP: 23/40 MP: 6/6
  2307 | Sewer    | Found a glowing silver altar of Zin.
  2497 | D:4      | Reached skill level 5 in Fighting
  2558 | D:4      | Noticed Natasha
  2559 | D:4      | Identified the +10 dagger of Ointment {freeze, rCorr}
  2563 | D:4      | Killed Natasha
  3402 | D:4      | Reached skill level 1 in Short Blades
  3402 | D:4      | Reached skill level 1 in Stealth
  3520 | D:5      | Entered Level 5 of the Dungeon
  3568 | D:5      | Noticed a black bear
  3571 | D:5      | Killed a black bear
  3572 | D:5      | Reached skill level 1 in Dodging
  3572 | D:5      | Reached skill level 2 in Stealth
  3572 | D:5      | Reached XP level 7. HP: 44/44 MP: 7/7
  3650 | D:5      | You fall into a shaft and drop 2 floors!
  3711 | D:7      | Noticed a manticore
  3747 | D:7      | Killed a manticore
  3748 | D:7      | Reached skill level 4 in Stealth
  3748 | D:7      | Reached XP level 8. HP: 24/49 MP: 8/8
  4015 | D:7      | Reached skill level 5 in Stealth
  4245 | D:5      | Found a staircase to the Ecumenical Temple.
  4258 | Temple   | Entered the Ecumenical Temple
  4290 | Temple   | Became a worshipper of Dithmenos the Shadowed
  4661 | D:5      | Reached skill level 6 in Stealth
  4737 | D:5      | Reached XP level 9. HP: 44/54 MP: 9/9
  5124 | D:6      | Reached skill level 5 in Short Blades
  5170 | D:6      | Reached * piety under Dithmenos
  5338 | D:6      | Reached skill level 7 in Stealth
  5545 | D:6      | Noticed Blork the orc
  5552 | D:6      | Reached skill level 5 in Dodging
  5556 | D:6      | Killed Blork the orc
  6496 | D:7      | Reached ** piety under Dithmenos
  6934 | D:8      | Reached skill level 8 in Stealth
  7440 | D:8      | Found a faded altar of an unknown god.
  7440 | D:8      | Found a hide-covered altar of Uskayaw.
  7445 | D:8      | Found a blossoming altar of Fedhas.
  7448 | D:8      | Found a basalt altar of Yredelemnul.
  7450 | D:8      | Found a bloodstained altar of Trog.
  7632 | D:9      | Reached XP level 10. HP: 59/59 MP: 10/10
  7996 | D:9      | Reached skill level 9 in Stealth
  8139 | D:9      | Reached *** piety under Dithmenos
  8240 | D:9      | Noticed Maurice
  8253 | D:9      | Noticed a two-headed ogre
  8294 | D:9      | HP: 2/59 [yak (14)]
  8325 | D:9      | Killed a two-headed ogre
  8326 | D:9      | Reached skill level 10 in Stealth
  8591 | D:9      | Reached XP level 11. HP: 43/63 MP: 11/11
  8878 | D:9      | Something stole a ring of ice
  8880 | D:9      | Something stole the +8 double sword of a ziggurat {protect,
                  | MP+9 Stlth+}
  8887 | D:9      | Killed Maurice
  9313 | D:10     | Entered Level 10 of the Dungeon
  9435 | D:10     | Reached skill level 11 in Stealth
  9455 | D:10     | Noticed Gastronok
  9479 | D:10     | Killed Gastronok
  9626 | D:10     | Identified the +0 falchion of Bulad {heavy, Will- rCorr
                  | Str+2 Dex+2 Stlth+}
  9652 | D:10     | Noticed Erica
  9919 | D:10     | Killed Erica
  9926 | D:10     | Reached **** piety under Dithmenos
 10360 | D:10     | Found a staircase to the Orcish Mines.
 11178 | D:11     | Reached skill level 12 in Stealth
 11242 | D:11     | Noticed a centaur warrior
 11247 | D:11     | Killed a centaur warrior
 11248 | D:11     | Reached XP level 12. HP: 68/68 MP: 12/12
 11267 | D:11     | Found a staircase to the Lair.
 11566 | D:11     | Noticed a two-headed ogre
 11573 | D:11     | Killed a two-headed ogre
 11651 | D:11     | Reached skill level 10 in Short Blades
 12118 | D:12     | Noticed a two-headed ogre
 12119 | D:12     | Killed a two-headed ogre
 12139 | D:12     | Found a sparkling altar of Nemelex Xobeh.
 12378 | D:12     | Reached skill level 13 in Stealth
 12477 | D:12     | Reached ***** piety under Dithmenos
 13255 | D:13     | Found a runed translucent gate.
 13255 | D:13     | Found a runed translucent gate.
 13255 | D:13     | Found a runed translucent gate.
 13273 | D:13     | Noticed a centaur warrior
 13280 | D:13     | Killed a centaur warrior
 13434 | D:13     | Noticed arvianne's ghost (journeyman KoBr)
 13472 | D:13     | Reached skill level 10 in Dodging
 13488 | D:13     | Found a hazy altar of Hepliaklqana.
 13520 | D:13     | Noticed a centaur warrior
 13523 | D:13     | Killed a centaur warrior
 13524 | D:13     | Reached XP level 13. HP: 72/72 MP: 13/13
 13609 | D:13     | Reached skill level 14 in Stealth
 13798 | D:13     | HP: 3/72 [death knight/+4 morningstar (22)]
 14314 | D:15     | Entered Level 15 of the Dungeon
 14700 | D:14     | Found a gate to the Vaults.
 14700 | D:14     | Noticed a vault guard
 14700 | D:14     | Noticed a vault guard
 14700 | D:14     | Noticed a vault guard
 14701 | D:14     | Noticed a vault guard
 15235 | D:14     | HP: 3/72 [centaur warrior/arrow (12)]
 15237 | D:14     | Shot with an arrow by a centaur warrior

Illustrated notes

Levels and vault maps discovered:
D:1:      sevenhm_arrival_forest_fort_small_6, layout_loops_ring
D:2:      layout_basic
D:3:      layout_basic, shapermc_ecumenical_altar_venn,
          chequers_serial_rivers_small_b
D:4:      layout_loops_corners, gup_sewer_entry_spiral, uniq_natasha
D:5:      layout_basic, minmay_temple_entry_fiery, minmay_misc_feat_four_crosses
D:6:      layout_basic, minmay_strange_pillars, uniq_blork_the_orc
D:7:      layout_gridville
D:8:      layout_loops_ring, chequers_temple_overflow_minitemple
D:9:      wad_woods_minihive, layout_loops_cross, dk_noncrumbling_3,
          uniq_maurice
D:10:     layout_basic, david_orc_5, minivault_16, uniq_gastronok, uniq_erica
D:11:     layout_loops_ring, dpeg_oklobed_lair, portal_ice_cave_demonic_guard,
          minmay_microvault
D:12:     layout_loops_ring, minivault_16, nemelex_diamond_rough_becter
D:13:     layout_roguey, gammafunk_ghost_icy,
          nicolae_hepliaklqana_monster_ancestors
D:14:     layout_rooms, lightli_vaults_fourway_checkpoint,
          hangedman_decor_peaks_small
D:15:     grunt_enter_depths_giant_problem, layout_irregular_city,
          old_standard_altar
Temple:   nicolae_temple_two_arcs

Skill      XL: |  1  2  3  4  5  6  7  8  9 10 11 12 13 |
---------------+----------------------------------------+-----
Fighting       | 4 5 |  5.0
Armour         | 4 |  4.9
Long Blades    | 1 2 |  2.3
Short Blades   | 1 3 4 6 8 9 11 | 11.8
Stealth        | 2 4 6 8 10 12 13 14 | 14.8
Dodging        | 1 2 4 5 7 8 10 | 10.6
Maces & Flails | |  2.6
Shields        | |  3.7

Action                     |  1- 3 |  4- 6 |  7- 9 | 10-12 | 13-15 || total
---------------------------+-------+-------+-------+-------+-------++-------
  Melee: Flail             |    92 |       |       |       |       ||    92
         Double sword      |    17 |    93 |       |       |       ||   110
         Punch             |       |     1 |       |       |       ||     1
         Dagger            |       |    31 |   307 |   718 |   136 ||  1192
  Evoke: Wand              |       |     3 |     1 |    25 |     4 ||    33
    Use: Scroll            |     3 |     7 |     6 |    10 |     4 ||    30
         Potion            |       |       |     4 |     2 |       ||     6
   Stab: Sleeping          |       |       |     7 |    21 |     7 ||    35
         Distracted        |       |       |       |     3 |       ||     3
         Paralysed         |       |       |       |     2 |       ||     2
 Armour: Scale mail        |    78 |   113 |    38 |       |       ||   229
         Robe              |       |       |    70 |   129 |       ||   199
         Steam dragon scal |       |       |       |    79 |    71 ||   150
  Dodge: Dodged            |    55 |    80 |   124 |   259 |    63 ||   581
  Block: Buckler           |    26 |     1 |    53 |   267 |    59 ||   406
         Reflection        |       |       |       |     3 |    11 ||    14
